 Dungeon Crawl Stone Soup version 0.19-a0-26-gae82a2b (webtiles) character file.

1937 MrRokkomies the Spear-Bearer (level 8, 0/71 HPs)
             Began as a Demigod Wanderer on Apr 30, 2016.
             Slain by a crocodile (13 damage)
             ... on level 7 of the Dungeon on May 1, 2016.
             The game lasted 02:54:24 (7226 turns).

MrRokkomies the Spear-Bearer (Demigod Wanderer)     Turns: 7226, Time: 02:54:24

Health: 0/71       AC: 11    Str: 20    XL:     8   Next: 65%
Magic:  21/21      EV:  7    Int: 21    God:
Gold:   253        SH:  0    Dex: 15    Spells: 0 memorised, 7 levels left

rFire  + . .     SeeInvis .     a - +0 spear
rCold  + . .     Gourm    .     v - +1 chain mail "Agicun" {rC+ MP+9 Int+2}
rNeg   . . .     Faith    .     (no shield)
rPois  .         Spirit   .     l - +0 helmet (curse)
rElec  .         Dismiss  .     (no cloak)
rCorr  .         Reflect  .     (no gloves)
SustAt +         Harm     .     (no boots)
MR     .....                    x - amulet of magic regeneration
Stlth  ..........               E - ring of protection from fire
                                g - +4 ring of strength

@: not resistant to hostile enchantments, extremely unstealthy
A: high mp 1, sustain attributes
a: no special abilities


You were on level 7 of the Dungeon.
You were not hungry.

You visited 1 branch of the dungeon, and saw 7 of its levels.

You collected 253 gold pieces.

Inventory:

Hand Weapons
 a - a +0 spear (weapon)
 b - a +0 shortbow
Missiles
 t - 38 arrows
 A - a throwing net (quivered)
Armour
 l - a cursed +0 helmet (worn)
 v - the +1 chain mail "Agicun" (worn) {rC+ MP+9 Int+2}
   (You found it on level 6 of the Dungeon)

   It affects your intelligence (+2).
   It protects you from cold.
   It affects your magic capacity (+9).
Magical Staves
 s - an uncursed staff of air
Jewellery
 e - an uncursed ring of magical power
 g - a +4 ring of strength (left hand)
 x - an amulet of magic regeneration (around neck)
 y - a cursed amulet of dismissal {unknown}
 E - a ring of protection from fire (right hand)
Wands
 c - a wand of lightning (5/15)
 k - a wand of lightning (0/15)
 u - a wand of random effects (20/48)
Scrolls
 j - a scroll of enchant weapon
 w - 2 scrolls of fear {unknown}
 C - a scroll of magic mapping
 D - a scroll of blinking {unknown}
Potions
 m - a potion of agility {unknown}
 n - 2 potions of flight
 p - a potion of mutation {unknown}
 q - 2 potions of might {unknown}
 r - a potion of magic {unknown}
 z - a potion of curing
 B - a potion of heal wounds {unknown}
Books
 h - a book of the Warp

   Spells                             Type                      Level
   a - Recall                         Summoning/Translocation      3
   b - Gell's Gravitas                Hexes/Translocation          3
   c - Force Lance                    Conjuration/Translocation    4
   d - Warp Weapon                    Charms/Translocation         5
   e - Summon Forest                  Summoning/Translocation      5
Comestibles
 d - 3 bread rations
 f - 2 meat rations
 i - 3 beef jerkies
 o - a slice of pizza


   Skills:
 * Level 6.3 Fighting
 * Level 8.8 Polearms
   Level 1.7 Crossbows
 - Level 2.6 Armour
 - Level 1.7 Evocations


You had 7 spell levels left.
You didn't know any spells.

Dungeon Overview and Level Annotations

Branches:
Dungeon (7/15)             Temple (0/1) D:7

Annotations:
D:5 Dowan, Sigmund
D:7 Joseph


Innate Abilities, Weirdness & Mutations

You have an increased reservoir of magic (+10% MP).
Your attributes are resistant to harm.


Message History

You are too injured to fight recklessly!
You are too injured to fight recklessly!
You are too injured to fight recklessly!
You are too injured to fight recklessly!
You are too injured to fight recklessly!
You hit the crocodile.
The crocodile is moderately wounded.
The crocodile bites you!
You hit the crocodile but do no damage.
The crocodile is moderately wounded.
You hit the crocodile.
The crocodile is moderately wounded.
The crocodile bites you!
* * * LOW HITPOINT WARNING * * *
You closely miss the crocodile.
The crocodile is moderately wounded.
You hit the crocodile.
The crocodile is moderately wounded.
The crocodile bites you!
You die...

. .. ### ... ....
.... .....
.S...######......
...t...@()(......
..@.##S###......
# #t# ..{.. #@#
.... #.# ###
#.#######
#.......#
#######.# #.# #.#
#.# #.#


You could see Joseph, a crocodile and an adder.

Vanquished Creatures
  Pikel (D:7)
  A water moccasin (D:6)
  Duvessa (D:5)
  2 slaves (D:7)
  A sky beast (D:7)
  A phantom (D:4)
  2 ogres (D:6)
  A centaur (D:5)
  A giant frog (D:6)
  A wyvern skeleton (D:6)
  A scorpion (D:6)
  A howler monkey (D:5)
  A crimson imp (D:6)
  A jelly (D:4)
  An iguana (D:5)
  2 orc wizards
  3 iron imps (D:4)
  Jessica (D:2)
  A giant frog skeleton (D:7)
  4 worker ants
  A hound zombie (D:7)
  6 gnolls (D:7)
  3 adders
  2 oozes (D:3)
  3 worms
  A dart slug (D:3)
  7 giant geckos
  19 orcs
  2 ball pythons
  3 giant cockroaches
  4 hobgoblins
  6 jackals
  8 kobolds
  2 quokkas
  10 bats
  2 giant gecko skeletons
  7 giant newts
  8 goblins
  A jackal zombie (D:6)
  8 rats
131 creatures vanquished.

Vanquished Creatures (others)
  A giant frog (D:7)
  A gnoll (D:7)
  A giant newt (D:7)
3 creatures vanquished.

Grand Total: 134 creatures vanquished

Notes
Turn   | Place    | Note
--------------------------------------------------------------
     0 | D:1      | MrRokkomies the Demigod Wanderer began the quest for the Orb.
     0 | D:1      | MrRokkomies set off with: a +2 scale mail, a scroll of teleportation, a +0 spear, a bread ration
     0 | D:1      | Reached XP level 1. HP: 16/16 MP: 4/4
    20 | D:1      | Reached skill level 2 in Polearms
   317 | D:1      | Reached XP level 2. HP: 23/23 MP: 5/5
  1165 | D:2      | Noticed Jessica
  1170 | D:2      | Killed Jessica
  1170 | D:2      | Reached skill level 3 in Polearms
  1170 | D:2      | Reached XP level 3. HP: 29/29 MP: 6/6
  1171 | D:2      | Upgraded the game from 0.19-a0-16-g2b77abf to 0.19-a0-26-gae82a2b
  1540 | D:2      | Found a sacrificial altar of Ru.
  1892 | D:3      | Reached XP level 4. HP: 33/36 MP: 7/7
  2048 | D:3      | Reached skill level 4 in Polearms
  2094 | D:3      | Found a sparkling altar of Nemelex Xobeh.
  2094 | D:3      | Found a shattered altar of Ashenzari.
  2095 | D:3      | Found a white marble altar of Elyvilon.
  2418 | D:3      | Reached XP level 5. HP: 11/42 MP: 8/8
  2828 | D:4      | Found a white marble altar of Elyvilon.
  2880 | D:4      | Noticed a phantom
  2910 | D:5      | Entered Level 5 of the Dungeon
  3204 | D:5      | Noticed a centaur
  3234 | D:5      | Killed a centaur
  3234 | D:5      | Reached skill level 5 in Polearms
  3548 | D:5      | Reached XP level 6. HP: 28/51 MP: 10/10
  3590 | D:5      | Noticed Duvessa
  3626 | D:5      | Noticed Dowan
  3646 | D:5      | Noticed Sigmund
  3995 | D:5      | Killed Duvessa
  4391 | D:4      | Reached skill level 6 in Polearms
  4630 | D:4      | Found a sacrificial altar of Ru.
  4680 | D:4      | Reached XP level 7. HP: 42/58 MP: 11/11
  4916 | D:4      | Found a burning altar of Makhleb.
  5425 | D:6      | Reached skill level 7 in Polearms
  5472 | D:6      | Got a jewelled chain mail
  5483 | D:6      | Identified the +1 chain mail "Agicun" {rC+ MP+9 Int+2} (You found it on level 6 of the Dungeon)
  6276 | D:6      | Reached skill level 5 in Fighting
  6276 | D:6      | Reached XP level 8. HP: 38/68 MP: 12/12
  7002 | D:7      | Found a staircase to the Ecumenical Temple.
  7002 | D:7      | Noticed Pikel
  7028 | D:7      | Killed Pikel
  7028 | D:7      | Reached skill level 8 in Polearms
  7183 | D:7      | Noticed Joseph
  7226 | D:7      | Slain by a crocodile

Vault maps used:
D:1:      dpeg_arrival_pits, nrook_mini_vaults, minmay_misc_feat_room,
          st_stairs_1
D:2:      first_bread, nicolae_ru_the_path_less_chosen, uniq_jessica
D:3:      gammafunk_temple_overflow_claw
D:4:      lemuel_doored_altar, demons_altar, elyvilon_altar_1
D:5:      led_sif_book, uniq_duvessa, uniq_sigmund
D:7:      minmay_temple_entry_purple_smoke, uniq_joseph, uniq_pikel

Skill      XL: |  1  2  3  4  5  6  7  8 |
---------------+-------------------------+-----
Polearms       | 2 3 4 5 6 7 8 |  8.8
Fighting       | 2 3 5 6 |  6.3
Crossbows      | |  1.7
Armour         | |  2.6
Evocations     | |  1.7

Action                   |  1- 3 |  4- 6 |  7- 9 || total
-------------------------+-------+-------+-------++-------
Melee: Spear             |   184 |   460 |   328 ||   972
 Fire: Shortbow          |       |     5 |     5 ||    10
Evoke: Wand              |       |       |     3 ||     3
  Use: Scroll            |     4 |     8 |       ||    12
       Potion            |       |     5 |     1 ||     6
  Eat: Chunk             |     3 |     5 |       ||     8
       Meat ration       |       |     1 |       ||     1
       Bread ration      |       |       |     2 ||     2
Armor: Scale mail        |    81 |   154 |    20 ||   255
       Skin              |       |    57 |       ||    57
       Chain mail        |       |       |    69 ||    69
Dodge: Dodged            |    82 |   140 |    76 ||   298
